 Dungeon Crawl Stone Soup version 0.24-a0-528-g98e85ec62a (webtiles) character file.

Game seed: 14952832297444055222

5078 Mithandil the Fighter (level 10, -7/91 HPs)
             Began as a Hill Orc Fighter on Aug 5, 2019.
             Was a High Priest of the Shining One.
             Killed from afar by an efreet (11 damage)
             ... with a fireball
             ... on level 9 of the Dungeon.
             The game lasted 01:18:16 (9178 turns).

Mithandil the Fighter (Hill Orc Fighter)            Turns: 9178, Time: 01:18:17

Health: -7/91      AC: 16    Str: 23    XL:     10   Next: 56%
Magic:  10/10      EV:  7    Int:  8    God:    the Shining One [*****.]
Gold:   873        SH: 11    Dex: 10    Spells: 9/9 levels left

rFire    . . .     SeeInvis .   a - +0 scimitar
rCold    + . .     Gourm    .   q - +0 shield
rNeg     + + .     Faith    .   y - +1 plate armour
rPois    .         Spirit   .   r - +1 helmet
rElec    .         Reflect  .   (no cloak)
rCorr    .         Harm     .   (no gloves)
MR       .....                  (no boots)
Stlth    ..........             w - amulet of the acrobat
HPRegen  0.25/turn              D - ring of protection from cold
MPRegen  0.12/turn              C - +1 ring of evasion

@: glowing
A: no striking features
a: Divine Shield, Cleansing Flame, Summon Divine Warrior, Renounce Religion


You were on level 9 of the Dungeon.
You worshipped the Shining One.
The Shining One was extremely pleased with you.
You were hungry.

You visited 2 branches of the dungeon, and saw 10 of its levels.
You also visited: Ossuary and Bailey.

You collected 873 gold pieces.

Inventory:

Hand Weapons
 a - a +0 scimitar (weapon)
 b - a +0 trident
 c - a +2 dagger of distortion
 d - a +0 war axe
 g - a +0 whip of freezing
 n - the +6 dagger "Bidemad" {pierce, *Slow rPois rC+ Str+4}
   (You found it on level 8 of the Dungeon)

   It inflicts extra damage upon your enemies.
   It affects your strength (+4).
   It protects you from cold.
   It protects you from poison.
   It may slow you when you take damage.
 t - a +2 whip of venom
 E - a +0 fustibalus
 F - a +4 flail
 L - a +0 dagger of speed
Missiles
 e - 347 stones (quivered)
 l - 87 sling bullets
 v - 31 poisoned darts
 B - 22 curare-tipped darts
Armour
 k - a +1 robe of magic resistance
 q - a +0 shield (worn)
 r - a +1 helmet (worn)
 y - a +1 plate armour (worn)
 M - a +2 ring mail of fire resistance
 O - a +1 chain mail of cold resistance
Jewellery
 i - an uncursed ring of stealth
 w - an amulet of the acrobat (around neck)
 C - a +1 ring of evasion (right hand)
 D - a ring of protection from cold (left hand)
Wands
 p - a wand of polymorph (4)
 x - a wand of flame (20)
 I - a wand of disintegration (10)
Scrolls
 h - 3 scrolls of identify
 m - 5 scrolls of amnesia
 o - a scroll of remove curse
 u - 5 scrolls of teleportation
Potions
 j - a potion of might
 s - 5 potions of agility
 z - 6 potions of curing
 A - a potion of invisibility
 G - 2 potions of flight
 J - 2 potions of magic
 K - a potion of haste
 N - a potion of resistance {unknown}
Comestibles
 f - 10 rations
 H - 6 chunks of flesh


   Skills:
 * Level 9.0 Fighting
 + Level 0.8(2.6) Short Blades
 * Level 4.3(4.4) Long Blades
 - Level 6.2 Maces & Flails
 + Level 0.9(2.7) Slings
 + Level 4.1 Throwing
 + Level 6.3 Armour
 + Level 3.7 Dodging
 * Level 8.1 Shields
 + Level 5.0 Unarmed Combat


You had 9 spell levels left.
You didn't know any spells.
Your spell library contained the following spells:

 Spells                   Type           Power        Failure   Level  Hunger
 Confusing Touch          Hex            #.....       100%        1    ##.....
 Confuse                  Hex            #.......     100%        3    ####...
 Gell's Gravitas          Tloc           #.........   100%        3    ####...
 Petrify                  Tmut/Erth      #.......     100%        4    #####..
 Metabolic Englaciation   Hex/Ice        #.........   100%        5    ######.
 Yara's Violent Unravell  Hex/Tmut       #.........   100%        5    ######.


Dungeon Overview and Level Annotations

Branches:
Dungeon (9/15)             Temple (1/1) D:4            Lair (0/6) D:9
    Orc: D:9-12

Altars:
Ashenzari
Cheibriados
Dithmenos
Elyvilon
Fedhas
Gozag
Hepliaklqana
Kikubaaqudgha
Makhleb
Okawaru
Qazlal
Ru
Sif Muna
Trog
Uskayaw
Vehumet
Wu Jian
Xom
Yredelemnul
Zin
The Shining One
Lugonu

Annotations:
D:7 2 transporters


Message History

You hit the efreet.
The efreet is severely wounded.
The efreet gestures at you.
The fireball explodes!
The fireball engulfs you!
* * * LOW HITPOINT WARNING * * *
The fireball engulfs the efreet but does no damage.
You hear an angry hiss.
You hear an angry squeal.
You hear a shout!
You hear a chilling moan.
You hear an angry hiss.
You hear a shout!
You hear an angry hiss.
You hear two shouts!
You hit the efreet but do no damage.
The efreet is severely wounded.
The efreet gestures at you.
The fireball explodes!
The fireball engulfs you!
* * * LOW HITPOINT WARNING * * *
The fireball engulfs the efreet.
The efreet completely resists.
You hit the efreet.
The efreet is severely wounded.
The efreet gestures at you.
The fireball explodes!
The fireball engulfs you!
You die...

.... ######..#
#.......#
#.......#
#####.....#.###
#...........#.#
#.<.......)[..#
#...÷÷....)R#☼#
#..........@##☼#
#....>......#
#.##
#>....####..#
..# #.....#
#..##..##
#.....####....#
#.....#...<.###
#.....#.###.#
##.......##.#
####..#....#


You could see an efreet.

Vanquished Creatures
  A two-headed ogre (D:8)
  A hornet (D:8)
  Grinder (D:3)
  A hippogriff (D:7)
  Sigmund (D:2)
  5 orc warriors
  2 ice beasts
  2 sky beasts
  A phantom (D:4)
  3 ogres
  2 centaurs
  2 bullfrogs (D:9)
  A water moccasin zombie (Ossuary)
  A scorpion (D:3)
  5 killer bees (D:8)
  A howler monkey (D:5)
  12 wights
  2 crimson imps
  A quasit (D:5)
  2 centaur zombies
  5 hounds
  3 orc priests
  2 jellies
  A bullfrog skeleton (D:8)
  A centaur skeleton (D:5)
  4 orc wizards
  4 iguanas
  7 worker ants
  2 hound skeletons
  2 mummies (Ossuary)
  11 gnolls
  2 howler monkey skeletons
  9 adders
  2 oozes
  8 adder zombies
  6 worms (D:2)
  5 dart slugs
  6 leopard geckos
  30 orcs
  8 bats
  7 giant cockroaches
  6 gnoll zombies (Ossuary)
  10 goblins
  9 hobgoblins
  7 jackals
  9 kobolds
  4 quokkas
  11 ball pythons
  3 frilled lizards
  A goblin zombie (D:8)
  6 hobgoblin zombies (Ossuary)
  3 kobold zombies (Ossuary)
  2 leopard gecko zombies (D:5)
  6 orc zombies (Ossuary)
  16 rats
  A rat zombie (D:8)
266 creatures vanquished.

Vanquished Creatures (others)
  A bullfrog skeleton (D:9)
1 creature vanquished.

Grand Total: 267 creatures vanquished

Notes
Turn   | Place    | Note
-------+----------+-------------------------------------------
     0 | D:1      | Mithandil the Hill Orc Fighter began the quest for the Orb.
     0 | D:1      | Reached XP level 1. HP: 19/19 MP: 1/1
   182 | D:1      | Reached XP level 2. HP: 27/27 MP: 2/2
   625 | D:1      | Reached XP level 3. HP: 33/33 MP: 3/3
   695 | D:1      | Reached skill level 4 in Fighting
   784 | D:1      | Found an iron altar of Okawaru.
  1074 | D:2      | Found a glowing silver altar of Zin.
  1346 | D:2      | Reached XP level 4. HP: 38/40 MP: 4/4
  1395 | D:2      | Noticed Sigmund
  1416 | D:2      | Killed Sigmund
  1416 | D:2      | Reached skill level 1 in Throwing
  1416 | D:2      | Reached skill level 1 in Dodging
  1416 | D:2      | Reached skill level 1 in Unarmed Combat
  1416 | D:2      | Reached XP level 5. HP: 13/47 MP: 5/5
  1416 | D:2      | Reached XP level 6. HP: 16/55 MP: 6/6
  2360 | D:2      | Reached skill level 5 in Fighting
  2771 | D:5      | Entered Level 5 of the Dungeon
  2772 | D:5      | Noticed an ice beast
  2820 | D:3      | Killed an ice beast
  2820 | D:3      | Reached skill level 1 in Maces & Flails
  2820 | D:3      | Reached XP level 7. HP: 31/61 MP: 7/7
  3047 | D:3      | Found a snail-covered altar of Cheibriados.
  3176 | D:3      | Noticed Grinder
  3187 | D:3      | Paralysed by Grinder for 2 turns
  3200 | D:3      | Killed Grinder
  3200 | D:3      | Reached skill level 5 in Shields
  4038 | D:4      | Reached XP level 8. HP: 68/70 MP: 8/8
  4145 | D:4      | Reached skill level 6 in Fighting
  4243 | D:4      | Found a staircase to the Ecumenical Temple.
  4264 | Temple   | Entered the Ecumenical Temple
  4336 | Temple   | Became a worshipper of the Shining One
  4812 | D:5      | Reached * piety under the Shining One
  5075 | D:5      | Reached skill level 5 in Armour
  5297 | D:5      | Reached skill level 7 in Fighting
  5297 | D:5      | Reached XP level 9. HP: 71/79 MP: 9/9
  5361 | D:5      | Found a stormy altar of Qazlal.
  5407 | D:5      | Found a sacrificial altar of Ru.
  5538 | D:5      | Found a blossoming altar of Fedhas.
  5538 | D:5      | Found a shadowy altar of Dithmenos.
  6270 | D:6      | Reached skill level 5 in Maces & Flails
  7089 | D:8      | Noticed a two-headed ogre
  7105 | D:8      | Killed a two-headed ogre
  7105 | D:8      | Reached skill level 8 in Fighting
  7303 | D:8      | Found a flagged portal.
  7310 | Bailey   | Entered a bailey
  7422 | Bailey   | Reached XP level 10. HP: 38/88 MP: 10/10
  7433 | Bailey   | Found a burning altar of Makhleb.
  7684 | D:8      | Found a sand-covered staircase.
  7692 | Ossuary  | Entered an ossuary
  7703 | Ossuary  | Reached ** piety under the Shining One
  7889 | Ossuary  | Reached *** piety under the Shining One
  7964 | Ossuary  | Reached **** piety under the Shining One
  8185 | D:8      | Got a crude dagger
  8197 | D:8      | Identified the +6 dagger "Bidemad" {pierce, *Slow rPois rC+
                  | Str+4} (You found it on level 8 of the Dungeon)
  8319 | D:8      | Found a sacrificial altar of Ru.
  8649 | D:7      | Noticed a green ugly thing
  8650 | D:7      | Found a transporter.
  8650 | D:7      | Noticed a purple ugly thing
  8652 | D:7      | Found a corrupted altar of Lugonu.
  8654 | D:7      | Noticed a green ugly thing
  8654 | D:7      | Reached ***** piety under the Shining One
  8747 | D:7      | Reached skill level 5 in Unarmed Combat
  8805 | D:7      | Found a transporter.
  8940 | D:7      | Found an opulent altar of Gozag.
  9089 | D:9      | Found a staircase to the Lair.
  9109 | D:9      | Reached skill level 9 in Fighting
  9177 | D:9      | HP: 4/91 [efreet/fireball (13)]
  9178 | D:9      | Killed from afar by an efreet

Levels and vault maps discovered:
D:1:      dpeg_arrival_signposts, layout_basic, nrook_campfire,
          okawaru_ov_weapons_minmay
D:2:      layout_loops_ring, zin_treasury, first_ration, minmay_door_square,
          minmay_snake_closets, uniq_sigmund
D:3:      layout_rooms, lemuel_coloured_pillars_altar,
          kennysheep_cross_bottleneck, uniq_grinder
D:4:      layout_cave_pools, minmay_temple_entry_large_hall,
          nicolae_underground_beach
D:5:      minmay_chambers_of_threes, layout_basic, overflow_temple_1_default,
          lemuel_doored_altar, gammafunk_temple_overflow_wave
D:6:      layout_loops_cross, serial_co_window_serial, co_window_paths_a,
          co_window_of_opportunity_a, co_window_paths_a, co_window_paths_b,
          co_window_paths_b, co_window_of_opportunity_a, co_window_corner_a,
          co_window_broadway_c, co_window_unsneaky_path_c, co_window_corner_b,
          co_window_4corner_b, glass_columns_a, glass_columns_a
D:7:      gammafunk_corrupted_shrine, layout_basic, grunt_gozag_breadcrumbs
D:8:      layout_cave_pods, enter_bailey_3, serial_column_ruins,
          column_ruins_grid_1, column_ruins_grid_1, column_ruins_open_small,
          column_ruins_grid_3, column_ruins_open_small, enter_ossuary_4,
          lemuel_altar_in_water2
D:9:      minmay_the_grid_square_5x5_4x4 [minmay_the_grid_square_5x5_forky,
          minmay_the_grid_square_5x5_spiral_small,
          minmay_the_grid_square_5x5_fat_x,
          minmay_the_grid_square_5x5_inverted_slash,
          minmay_the_grid_square_5x5_beaten_path,
          minmay_the_grid_square_5x5_prize_snowflake,
          minmay_the_grid_square_5x5_prize_itemx,
          minmay_the_grid_square_5x5_mess, minmay_the_grid_square_5x5_six_small,
          minmay_the_grid_square_5x5_prize_pseudospiral,
          minmay_the_grid_square_5x5_prize_junk,
          minmay_the_grid_square_5x5_checkered_sparse,
          minmay_the_grid_square_5x5_shrine2,
          minmay_the_grid_square_5x5_fancy_junction,
          minmay_the_grid_square_5x5_checkered,
          minmay_the_grid_square_5x5_shrine1], layout_rooms,
          nemelex_altar_shiori, lair_entry_dummy
Temple:   dshaligram_water_room_temple

Skill      XL: |  1  2  3  4  5  6  7  8  9 10 |
---------------+-------------------------------+-----
Fighting       | 4 5 7 8 9 |  9.0
Long Blades    | 3 4 |  4.3
Throwing       | 1 2 3 4 |  4.1
Dodging        | 1 2 3 |  3.7
Shields        | 4 5 6 7 8 |  8.1
Unarmed Combat | 1 2 3 4 5 |  5.0
Maces & Flails | 1 2 4 5 6 |  6.2
Armour         | 4 5 6 |  6.3
Short Blades   | |  0.8
Slings         | |  0.9

Action                   |  1- 3 |  4- 6 |  7- 9 | 10-12 || total
-------------------------+-------+-------+-------+-------++-------
Melee: Long sword        |   104 |   109 |    15 |       ||   228
       Spear             |    15 |       |       |       ||    15
       Whip              |       |    51 |   442 |   208 ||   701
       Scimitar          |       |       |       |   143 ||   143
       Dagger            |       |       |       |    20 ||    20
 Fire: Fustibalus        |       |       |       |     6 ||     6
Throw: Stone             |     8 |       |       |       ||     8
  Use: Potion            |     1 |     2 |     6 |     3 ||    12
       Scroll            |     2 |       |    12 |     4 ||    18
  Eat: Chunk             |     2 |     4 |    15 |     3 ||    24
       Ration            |       |       |       |     1 ||     1
Armor: Scale mail        |    54 |    65 |    60 |       ||   179
       Chain mail        |       |       |   116 |       ||   116
       Plate armour      |       |       |     4 |   150 ||   154
Dodge: Dodged            |    45 |    47 |   170 |    97 ||   359
Block: Shield            |    57 |    76 |   270 |   219 ||   622
       Rpst.: Long sword |    13 |     8 |     2 |       ||    23
       Scimitar          |       |       |       |    15 ||    15

Table legend:
 A = Non-vault XP
 B = Vault XP
 C = Vault XP percentage of total XP
 D = Non-vault monster count
 E = Vault monster count
 F = Vault count percentage of total count
                 A         B        C        D         E       F
            +---------+---------+-------+---------+---------+-------
      Total |    5654 |    1601 |  22.1 |     202 |      64 |  24.1
            +---------+---------+-------+---------+---------+-------
        D:1 |      48 |       0 |   0.0 |      25 |       0 |   0.0
        D:2 |     159 |     270 |  62.9 |      39 |       9 |  18.8
        D:3 |     267 |     277 |  50.9 |      27 |       1 |   3.6
        D:4 |     296 |       0 |   0.0 |      12 |       0 |   0.0
        D:5 |     891 |     230 |  20.5 |      20 |       9 |  31.0
        D:6 |     423 |       0 |   0.0 |      19 |       0 |   0.0
        D:7 |    1143 |       0 |   0.0 |      22 |       0 |   0.0
        D:8 |    2032 |       9 |   0.4 |      26 |       6 |  18.8
        D:9 |     395 |     220 |  35.8 |      12 |       2 |  14.3
    Ossuary |       0 |     185 | 100.0 |       0 |      31 | 100.0
     Bailey |       0 |     410 | 100.0 |       0 |       6 | 100.0
            +---------+---------+-------+---------+---------+-------
